 Dungeon Crawl Stone Soup version 0.17.0-22-g5edae84 (webtiles) character file.

14303 Clownie the Nimble (level 12, -25/84 HPs)
             Began as an Octopode Berserker on Nov 13, 2015.
             Was a High Priest of Trog.
             Annihilated by a red ugly thing (34 damage)
             ... on level 11 of the Dungeon.
             The game lasted 00:20:25 (10477 turns).

Clownie the Nimble (Octopode Berserker)            Turns: 10477, Time: 00:20:25

Health: -25/84     AC:  1    Str: 18    XL:     12   Next: 15%
Magic:  12/12      EV: 22    Int: 12    God:    Trog [*****.]
Gold:   575        SH:  0    Dex: 17    Spells: 0 memorised, 11 levels left

rFire  x . .     SeeInvis .       - Unarmed
rCold  + . .     Clarity  .     (no shield)
rNeg   + + .     SustAt   .     (helmet restricted)
rPois  .         Gourm    .     B - amulet of regeneration
rElec  .         Spirit   .     q - ring of flight
rCorr  .         Warding  .     e - ring of stealth
rMut   .         Stasis   .     r - ring "Fyvaab" {Ice rN++ Str+2 Int+3}
MR     ++...                    (no ring)
Stlth  ++++......               (no ring)
                                (no ring)
                                (no ring)
                                (no ring)

@: regenerating, very resistant to hostile enchantments, stealthy
A: almost no armour, amphibious, 8 rings, constrict 8, camouflage 1, gelatinous
body 1
a: Berserk, Trog's Hand, Brothers in Arms, Burn Spellbooks, Renounce Religion,
Evoke Flight


You were on level 11 of the Dungeon.
You worshipped Trog.
Trog was extremely pleased with you.
You were not hungry.

You visited 1 branch of the dungeon, and saw 11 of its levels.
You also visited: Sewer.

You collected 575 gold pieces.

Inventory:

Jewellery
 e - a ring of stealth (right tentacle)
 q - a ring of flight (left tentacle)
 r - the ring "Fyvaab" (on tentacle) {Ice rN++ Str+2 Int+3}
   (You found it on level 9 of the Dungeon)

   [ring of ice]

   It enhances your ice magic, and weakens your fire magic.
   It affects your strength (+2).
   It affects your intelligence (+3).
   It makes you vulnerable to fire.
   It protects you from cold.
   It greatly protects you from negative energy.
 B - an amulet of regeneration (around mantle)
Wands
 k - a wand of slowing (19)
 l - a wand of draining (7)
 w - a wand of enslavement (6)
 y - a wand of cold (4)
Scrolls
 b - 2 scrolls of teleportation {unknown}
 c - 4 scrolls of immolation
 d - a scroll of enchant weapon
 f - 4 scrolls of fear {unknown}
 g - 3 scrolls of noise {unknown}
 h - 4 scrolls of remove curse {unknown}
 j - a scroll of random uselessness {unknown}
 m - 5 scrolls of recharging {unknown}
 n - a scroll of amnesia {unknown}
 t - 2 scrolls of magic mapping {unknown}
 x - a scroll of fog {unknown}
 A - a scroll of blinking {unknown}
 G - a scroll of silence {unknown}
Potions
 s - a potion of berserk rage
 u - 2 potions of lignification
 v - 3 potions of might
 z - 2 potions of brilliance
 E - a potion of cure mutation {unknown}
 F - 2 potions of flight {unknown}
Miscellaneous
 o - a sack of spiders
Comestibles
 a - 7 bread rations
 i - 5 meat rations
 p - 4 fruits
 C - 7 beef jerkies
 D - 3 chunks of flesh


   Skills:
 + Level 8.4 Fighting
 - Level 13.1 Dodging
 - Level 12.1 Unarmed Combat


You had 11 spell levels left.
You didn't know any spells.

Dungeon Overview and Level Annotations

Branches:
Dungeon (11/15)            Temple (0/1) D:6            Lair (0/8) D:10
    Orc: D:9-12

Altars:
Ashenzari
Elyvilon
Fedhas
Gozag
Qazlal
Xom
The Shining One

Annotations:
D:11 exclusion: obsidian statue


Innate Abilities, Weirdness & Mutations

You cannot wear most types of armour.
You are amphibious.
You can wear up to eight rings at the same time.
You can use your tentacles to constrict eight enemies at once.
Your skin changes colour to match your surroundings (Stealth).
Your rubbery body absorbs attacks (AC +1).


Message History

You are too injured to fight recklessly!
Drink which item? (? for menu, Esc to quit)
Okay, then.
Press: ? - help, v - describe, . - travel, g - get item
Here: a red ugly thing (lightly wounded)
A dire flail.
The floor.
You feel less exhausted. Something closely misses you.
Your skin crawls.
You feel resistant to hostile enchantments.
You feel slightly more hungry. Something hits you.
* * * LOW HITPOINT WARNING * * *
Something barely misses you.
A white ugly thing comes into view.
Your ogre goes berserk!
You feel somewhat more hungry. The red ugly thing kicks you.
* * * LOW HITPOINT WARNING * * *
You are engulfed in flames!!
The fire burns you terribly!
You die...

#............[......
#..........######...
#....._....#
+#.....#.#
##+#.....#.#
#......###.#
#......# #.########
#......# #O#.......
#......# #@#.......
#######......#
#>u)......
......'†.....#
###o......
#.#####......#
....... #.# #......#
....... #.# #......#
....... #.# ########
....u.. #.# ....o..
#.##### ##.....


You could see 2 ugly things, 2 orcs and a friendly ogre (berserk).

Vanquished Creatures
  The ghost of alpinistek the Frost Mage, a journeyman NaIE of Sif Muna (D:10)
  A large abomination (D:9)
  A wizard (D:9)
  Pikel (D:7)
  The ghost of Voland the Changer, a novice MfTm of Qazlal (D:9)
  A cyclops (D:9)
  Joseph (D:10)
  2 gargoyles
  A komodo dragon (D:10)
  3 trolls
  A two-headed ogre (D:8)
  3 small abominations (D:9)
  Prince Ribbit (D:9)
  14 yaks
  2 hungry ghosts
  4 hippogriffs
  The ghost of ShansongY the Magician, an amateur DEVM (D:3)
  A water moccasin (D:11)
  An eye of draining (D:9)
  3 orc warriors
  A sky beast (D:9)
  An ice beast (D:9)
  3 centaurs
  2 phantoms
  3 black bears
  8 ogres
  A big kobold (D:10)
  6 giant frogs
  3 scorpions
  10 killer bees
  8 wights
  5 crimson imps
  5 jellies
  5 hounds
  2 giant frog skeletons
  Crazy Yiuf (D:6)
  A centaur skeleton (D:8)
  4 orc priests
  7 worker ants
  4 iguanas
  4 sheep (D:9)
  12 orc wizards
  A killer bee zombie (D:9)
  A hound skeleton (D:4)
  2 hound zombies
  A worker ant zombie (D:8)
  12 adders
  3 river rats (Sewer)
  3 shadow imps
  An ooze (D:5)
  An adder skeleton (D:7)
  3 worms
  34 orcs
  7 ball pythons
  9 bats
  5 giant cockroaches
  6 goblins
  8 hobgoblins
  13 kobolds
  7 quokkas
  2 giant geckos
  10 giant newts
  22 rats
291 creatures vanquished.

Vanquished Creatures (collateral kills)
  4 large abominations (D:9)
  An orc warrior (D:10)
  4 small abominations (D:9)
9 creatures vanquished.

Vanquished Creatures (others)
  An orc priest (D:7)
  An adder (D:7)
  3 orcs (D:7)
5 creatures vanquished.

Grand Total: 305 creatures vanquished

Notes
Turn   | Place    | Note
--------------------------------------------------------------
     0 | D:1      | Clownie the Octopode Berserker began the quest for the Orb.
     0 | D:1      | Reached XP level 1. HP: 16/16 MP: 1/1
    68 | D:1      | Reached XP level 2. HP: 14/21 MP: 2/2
   443 | D:1      | Reached ** piety under Trog
   460 | D:1      | Reached skill level 4 in Unarmed Combat
   523 | D:1      | Reached XP level 3. HP: 26/26 MP: 3/3
  1753 | D:3      | Reached skill level 5 in Unarmed Combat
  1753 | D:3      | Reached XP level 4. HP: 27/31 MP: 4/4
  1757 | D:3      | Noticed ShansongY's ghost (amateur DEVM)
  1769 | D:3      | Killed ShansongY's ghost
  1769 | D:3      | Reached skill level 6 in Unarmed Combat
  1769 | D:3      | Reached XP level 5. HP: 32/36 MP: 5/5
  1858 | D:3      | Found an opulent altar of Gozag.
  1877 | D:3      | Noticed a black bear
  1882 | D:3      | Killed a black bear
  1882 | D:3      | Reached XP level 6. HP: 42/42 MP: 6/6
  1935 | D:3      | Found a glowing golden altar of the Shining One.
  2025 | D:3      | Reached *** piety under Trog
  2026 | D:3      | Noticed a centaur
  2030 | D:3      | Reached skill level 7 in Unarmed Combat
  2034 | D:3      | Killed a centaur
  2174 | D:3      | Found a white marble altar of Elyvilon.
  2401 | D:4      | Reached XP level 7. HP: 46/46 MP: 7/7
  2435 | D:4      | Reached skill level 8 in Unarmed Combat
  2915 | D:4      | Found a glowing drain.
  2923 | Sewer    | Entered a sewer
  3164 | Sewer    | Reached **** piety under Trog
  3489 | D:5      | Entered Level 5 of the Dungeon
  3518 | D:5      | Reached skill level 9 in Unarmed Combat
  3950 | D:5      | Reached XP level 8. HP: 52/52 MP: 8/8
  4535 | D:6      | Reached skill level 10 in Unarmed Combat
  4632 | D:6      | Noticed Crazy Yiuf
  4640 | D:6      | Killed Crazy Yiuf
  4726 | D:6      | Found a stormy altar of Qazlal.
  4999 | D:6      | Found a staircase to the Ecumenical Temple.
  5008 | D:7      | Noticed Pikel
  5016 | D:7      | Killed Pikel
  5016 | D:7      | Reached skill level 11 in Unarmed Combat
  5016 | D:7      | Reached XP level 9. HP: 11/56 MP: 9/9
  5309 | D:7      | Reached skill level 12 in Unarmed Combat
  5658 | D:7      | Reached skill level 5 in Dodging
  6156 | D:8      | Reached XP level 10. HP: 63/63 MP: 10/10
  6412 | D:8      | Found a shattered altar of Ashenzari.
  6772 | D:8      | Reached ***** piety under Trog
  7104 | D:9      | Found a shimmering altar of Xom.
  7265 | D:9      | Reached skill level 10 in Dodging
  7471 | D:9      | Noticed Voland's ghost (novice MfTm)
  7491 | D:9      | Killed Voland's ghost
  7614 | D:9      | Reached XP level 11. HP: 58/67 MP: 11/11
  7716 | D:9      | Noticed Prince Ribbit
  7729 | D:9      | Killed Prince Ribbit
  7858 | D:9      | Found a blossoming altar of Fedhas.
  8006 | D:9      | Noticed a cyclops
  8023 | D:9      | Killed a cyclops
  8192 | D:9      | Noticed a wizard
  8204 | D:9      | Killed a wizard
  8270 | D:9      | Noticed a large abomination
  8270 | D:9      | Noticed a large abomination
  8290 | D:9      | Killed a large abomination
  8373 | D:9      | Reached skill level 13 in Dodging
  8375 | D:9      | Killed a large abomination
  8408 | D:9      | Got a smoking silver ring
  8416 | D:9      | Identified the ring "Fyvaab" {Ice rN++ Str+2 Int+3} (You found it on level 9 of the Dungeon)
  8804 | D:10     | Entered Level 10 of the Dungeon
  8866 | D:10     | Noticed alpinistek's ghost (journeyman NaIE)
  8879 | D:10     | Killed alpinistek's ghost
  8879 | D:10     | Reached skill level 5 in Fighting
  8933 | D:10     | Noticed Joseph
  8951 | D:10     | HP: 3/71 [orc warrior/scimitar (23)]
  9062 | D:10     | Killed Joseph
  9818 | D:10     | Reached XP level 12. HP: 57/81 MP: 12/12
 10124 | D:10     | Found a staircase to the Lair.
 10437 | D:11     | Found a shimmering altar of Xom.
 10477 | D:11     | Annihilated by a red ugly thing

Action                   |  1- 3 |  4- 6 |  7- 9 | 10-12 || total
-------------------------+-------+-------+-------+-------++-------
Melee: Unarmed           |    85 |    52 |   225 |   363 ||   725
Invok: Berserk           |       |     4 |     8 |    12 ||    24
       Burn Spellbooks   |       |       |     1 |       ||     1
       Brothers in Arms  |       |       |       |     5 ||     5
       Trog's Hand       |       |       |       |     3 ||     3
  Use: Scroll            |     3 |       |     6 |     3 ||    12
       Potion            |       |       |     3 |     5 ||     8
 Stab: Sleeping          |    10 |     5 |    15 |    12 ||    42
       Distracted        |       |       |     1 |     1 ||     2
  Eat: Chunk             |     1 |     2 |    19 |    24 ||    46
       Meat ration       |       |     1 |       |       ||     1
       Royal jelly       |       |       |     1 |       ||     1
       Pizza             |       |       |       |     2 ||     2
       Bread ration      |       |       |       |     2 ||     2
